 Dungeon Crawl Stone Soup version 0.23-a0-667-gc184e93 (webtiles) character file.

25 Blackhawk the Grave Robber (level 3, -2/26 HPs)
             Began as a Merfolk Necromancer on Jan 8, 2019.
             Slain by Natasha (9 damage)
             ... on level 2 of the Dungeon.
             The game lasted 00:09:12 (2482 turns).

Blackhawk the Grave Robber (Merfolk Necromancer)    Turns: 2482, Time: 00:09:13

Health: -2/26      AC:  2    Str:  8    XL:     3   Next: 4%
Magic:  1/6        EV: 13    Int: 15    God:
Gold:   104        SH:  0    Dex: 14    Spells: 4/6 levels left

rFire    . . .     SeeInvis .   (no weapon)
rCold    . . .     Gourm    .   (no shield)
rNeg     . . .     Faith    .   a - +0 robe
rPois    .         Spirit   .   (no helmet)
rElec    .         Reflect  .   (no cloak)
rCorr    .         Harm     .   (no gloves)
MR       .....                  (no boots)
Stlth    ++........             (no amulet)
HPRegen  0.08/turn              (no ring)
MPRegen  0.10/turn              (no ring)

@: no status effects
A: change form in water, swift swim, stealthy swim
a: no special abilities


You were on level 2 of the Dungeon.
You were not hungry.

You visited 1 branch of the dungeon, and saw 2 of its levels.

You collected 104 gold pieces.

Inventory:

Armour
 a - a +0 robe (worn)
Jewellery
 g - an uncursed ring of protection from fire {unknown}
Scrolls
 b - 2 scrolls of remove curse {unknown}
 c - a scroll of noise {unknown}
 e - a scroll of magic mapping {unknown}
 f - a scroll of teleportation {unknown}
 h - 2 scrolls of identify {unknown}
 k - a scroll of random uselessness {unknown}
Potions
 d - 2 potions of heal wounds {unknown}
 j - a potion of berserk rage {unknown}
 l - a potion of invisibility {unknown}
Comestibles
 i - 2 rations


   Skills:
 + Level 1.0 Fighting
 + Level 3.1 Dodging
 - Level 2.5 Stealth
 + Level 2.3 Spellcasting
 + Level 3.4 Necromancy


You had 4 spell levels left.
You knew the following spells:

 Your Spells              Type           Power        Failure   Level  Hunger
a - Pain                  Necr           ##..         5%          1    #......
b - Animate Skeleton      Necr           N/A          5%          1    #......

Your spell library contained the following spells:

 Spells                   Type           Power        Failure   Level  Hunger
 Vampiric Draining        Necr           ##........   16%         3    ###....
 Regeneration             Chrm/Necr      #.........   32%         3    ###....
 Animate Dead             Necr           N/A          45%         4    #####..


Dungeon Overview and Level Annotations

Branches:
Dungeon (2/15)

Altars:

Annotations:
D:2 Natasha


Message History

Aiming: Pain (safe; 5% risk of failure)
Press: ? - help, Shift-Dir - straight line, f/p - Natasha
Aim: Natasha, carrying a wand of digging (1) (chance to defeat MR: 68%) Natasha writhes in agony!
Natasha closely misses you.
The crimson imp sputters.
Casting: Pain (safe; 5% risk of failure)
Confirm with . or Enter, or press ? or * to list all spells.
Aiming: Pain (safe; 5% risk of failure)
Press: ? - help, Shift-Dir - straight line, f/p - Natasha
Aim: Natasha, carrying a wand of digging (1) (moderately wounded, chance to Natasha writhes in agony!
Natasha casts a spell.
Your frilled lizard skeleton bites Natasha but does no damage.
Casting: Pain (safe; 5% risk of failure)
Confirm with . or Enter, or press ? or * to list all spells.
Aiming: Pain (safe; 5% risk of failure)
Press: ? - help, Shift-Dir - straight line, f/p - Natasha
Aim: Natasha, carrying a wand of digging (1) (moderately wounded, chance to Natasha writhes in agony!
Natasha claws you!
You die...

##.#...)# .#......#
#......# .#.♣.♣.♣# #.
############.......#
#.#
................♣.♣##.#
##############.(...#.#
##..#'#.# #..>.Z.#
#...#h## #..5@5#
#...### #####


You could see an iron imp, Natasha, a crimson imp and a friendly frilled lizard
skeleton.

Vanquished Creatures
  A worm (D:2)
  A giant cockroach (D:1)
  3 goblins (D:1)
  3 hobgoblins
  4 bats
  3 frilled lizards
  3 kobolds
  3 rats
21 creatures vanquished.

Vanquished Creatures (collateral kills)
  A kobold (D:2)
1 creature vanquished.

Grand Total: 22 creatures vanquished

Notes
Turn   | Place    | Note
-------+----------+-------------------------------------------
     0 | D:1      | Blackhawk the Merfolk Necromancer began the quest for the
                  | Orb.
     0 | D:1      | Reached XP level 1. HP: 13/13 MP: 3/3
   319 | D:1      | Learned a level 1 spell: Animate Skeleton
   357 | D:1      | Reached XP level 2. HP: 19/20 MP: 1/5
  2358 | D:2      | Reached skill level 1 in Fighting
  2358 | D:2      | Reached XP level 3. HP: 24/26 MP: 0/6
  2465 | D:2      | Noticed Natasha
  2482 | D:2      | Slain by Natasha

Vault maps used:
D:1:      lightli_arrival_farm
D:2:      serial_forest, infiniplex_forest_lined_corner,
          infiniplex_forest_clump_medium, infiniplex_forest_lined_4_way,
          infiniplex_forest_clump_medium, infiniplex_forest_3_way,
          infiniplex_forest_clump_medium, infiniplex_forest_straight_2,
          infiniplex_forest_end_2, uniq_natasha

Skill      XL: |  1  2 |
---------------+-------+-----
Dodging        | 3 |  3.1
Fighting       | 1 |  1.0
Stealth        | |  2.5
Spellcasting   | |  2.3
Necromancy     | |  3.4

Action                   || total
-------------------------++-------
Melee: Unarmed           ||    14
 Cast: Pain              ||    52
       Animate Skeleton  ||     8
  Eat: Chunk             ||     2
       Ration            ||     1
Armor: Robe              ||     5
Dodge: Dodged            ||    30

Table legend:
 A = Non-vault XP
 B = Vault XP
 C = Vault XP percentage of total XP
 D = Non-vault monster count
 E = Vault monster count
 F = Vault count percentage of total count
                 A         B        C        D         E       F
            +---------+---------+-------+---------+---------+-------
      Total |      36 |       0 |   0.0 |      22 |       0 |   0.0
            +---------+---------+-------+---------+---------+-------
        D:1 |      21 |       0 |   0.0 |      14 |       0 |   0.0
        D:2 |      15 |       0 |   0.0 |       8 |       0 |   0.0
            +---------+---------+-------+---------+---------+-------
